 Dungeon Crawl Stone Soup version 0.21-a0-264-g3e31e41 (webtiles) character file.

43 HHGregg the Slasher (level 3, -2/29 HPs)
             Began as a Human Monk on Sept 9, 2017.
             Slain by a hobgoblin
             ... wielding a +0 club
             ... led by Robin
              (3 damage)
             ... on level 2 of the Dungeon.
             The game lasted 00:01:48 (1245 turns).

HHGregg the Slasher (Human Monk)                    Turns: 1245, Time: 00:01:49

Health: -2/29      AC:  2    Str: 16    XL:     3   Next: 82%
Magic:  3/3        EV: 13    Int: 16    God:
Gold:   120        SH:  0    Dex: 15    Spells: 2/2 levels left

rFire    . . .     SeeInvis .   a - +0 falchion
rCold    . . .     Gourm    .   (no shield)
rNeg     . . .     Faith    .   b - +0 robe
rPois    .         Spirit   .   (no helmet)
rElec    .         Reflect  .   (no cloak)
rCorr    .         Harm     .   (no gloves)
MR       .....                  (no boots)
Stlth    ++........             (no amulet)
HPRegen  0.09/turn              (no ring)
MPRegen  0.08/turn              (no ring)

@: mighty, brilliant
A: no striking features
a: no special abilities


You were on level 2 of the Dungeon.
You were not hungry.

You visited 1 branch of the dungeon, and saw 2 of its levels.

You collected 120 gold pieces.

Inventory:

Hand Weapons
 a - a +0 falchion (weapon)
Missiles
 k - 65 stones (quivered)
Armour
 b - a +0 robe (worn)
Scrolls
 e - a scroll of identify
 g - 2 scrolls of remove curse {unknown}
 i - a scroll of enchant weapon {unknown}
Comestibles
 c - a bread ration
 f - 2 royal jellies


   Skills:
 - Level 3.0 Fighting
 + Level 4.4 Long Blades
 - Level 3.0 Dodging
 - Level 2.0 Stealth


You had 2 spell levels left.
You didn't know any spells.

Dungeon Overview and Level Annotations

Branches:
Dungeon (1/15)

Altars:
Xom

Annotations:
D:2 Robin


Message History

It was a potion of brilliance.
You feel clever all of a sudden.
The goblin barely misses you. x2; You riposte.
You barely miss the goblin.
The goblin is moderately wounded.
The goblin barely misses you.
The hobgoblin hits you but does no damage.
It was a potion of might.
You feel very mighty all of a sudden. The goblin barely misses you.
The goblin hits you but does no damage. The goblin misses you.
You riposte.
You closely miss the goblin. The hobgoblin hits you with a club.
* * * LOW HITPOINT WARNING * * *
Unknown command.
You barely miss the goblin. The goblin closely misses you.
You riposte.
You hit the goblin.
The goblin is severely wounded.
The goblin hits you with a club.
* * * LOW HITPOINT WARNING * * *
The goblin hits you but does no damage. The hobgoblin hits you with a club.
You die...

#.##.#.#.#.....
#.#.###..#.####
#.##.#.#.#.#
#####.###.##.# #
...#.# #.##.#
##.#.# #.##.# #
#....###.##.# !
#gg......##.# #.
#@g.###### .#
#.#####g##
###......K#####
#...............
#.##......######
#g##g.## K. ...#
#.# ##.## # #.#


You could see a hobgoblin, 3 goblins and a kobold.

Vanquished Creatures
  An adder (D:2)
  An ooze (D:1)
  4 bats
  A giant cockroach (D:1)
  7 hobgoblins
  A ball python (D:2)
  6 goblins
  6 kobolds
  3 rats
30 creatures vanquished.

Notes
Turn   | Place    | Note
-------+----------+-------------------------------------------
     0 | D:1      | HHGregg the Human Monk began the quest for the Orb.
     0 | D:1      | Reached XP level 1. HP: 18/18 MP: 1/1
   145 | D:1      | Reached XP level 2. HP: 24/24 MP: 2/2
   407 | D:1      | Reached skill level 4 in Long Blades
   407 | D:1      | Reached XP level 3. HP: 29/29 MP: 3/3
   574 | D:1      | Found a glowing silver altar of Zin.
   576 | D:1      | Found a shimmering altar of Xom.
   576 | D:1      | Found an iron altar of Okawaru.
   578 | D:1      | Found a glowing golden altar of the Shining One.
   578 | D:1      | Found a glowing silver altar of Zin.
   578 | D:1      | Found a stormy altar of Qazlal.
   709 | D:1      | You fall through a shaft!
  1220 | D:2      | Noticed Robin
  1240 | D:2      | HP: 1/29 [hobgoblin/club[Robin] (4)]
  1245 | D:2      | HP: 1/29 [goblin/club[Robin] (2)]
  1245 | D:2      | Slain by a hobgoblin

Vault maps used:
D:1:      evilmike_arrival_grusome_pit, doesnt_xom_only_xom
D:2:      lemuel_crystal_altar, uniq_robin

Skill      XL: |  1  2 |
---------------+-------+-----
Long Blades    | 4 |  4.4
Fighting       | |  3.0
Dodging        | |  3.0
Stealth        | |  2.0

Action                   || total
-------------------------++-------
Melee: Falchion          ||    74
  Use: Potion            ||     3
       Scroll            ||     1
 Stab: Sleeping          ||     1
  Eat: Chunk             ||     1
Armor: Robe              ||    23
Dodge: Dodged            ||    88
       Rpst.: Falchion   ||    29

Table legend:
 A = Spawn XP
 B = Non-spawn XP
 C = Spawn XP percentage of total XP
 D = Spawn monster count
 E = Non-spawn monster count
 F = Spawn count percentage of total count
 G = Total turns spent on level
                    A         B        C        D         E        F      G
               +---------+---------+-------+---------+---------+-------+---------
         Total |       0 |      62 |   0.0 |       0 |      30 |   0.0 |  1245
               +---------+---------+-------+---------+---------+-------+---------
           D:1 |       0 |      34 |   0.0 |       0 |      19 |   0.0 |   709
           D:2 |       0 |      28 |   0.0 |       0 |      11 |   0.0 |   536
               +---------+---------+-------+---------+---------+-------+---------
